 Dungeon Crawl Stone Soup version 0.18-a0-1361-g9293dd1 (webtiles) character file.

11594 Minkie the Covert (level 11, -2/68 HPs)
             Began as a Vampire Enchanter on Feb 20, 2016.
             Was a High Priest of Dithmenos.
             Slain by Snorg (10 damage)
             ... on level 10 of the Dungeon.
             The game lasted 00:54:20 (10445 turns).

Minkie the Covert (Vampire Enchanter)              Turns: 10445, Time: 00:54:20

Health: -2/68      AC: 10    Str:  9    XL:     11   Next: 51%
Magic:  20/23      EV:  7    Int: 25    God:    Dithmenos [*****.]
Gold:   343        SH:  0    Dex: 15    Spells: 4 memorised, 14 levels left

rFire  . . .     SeeInvis +     C - +1 dagger (vamp)
rCold  + . .     Gourm    .     J - +2 robe {MR+}
rNeg   + + .     Faith    .     (no shield)
rPois  +         Spirit   .     q - +0 helmet
rElec  .         Dismiss  .     F - +1 cloak of Divine Intervention {Str+2}
rCorr  .         Reflect  .     k - +0 pair of gloves
SustAt .         Harm     .     x - +0 pair of boots
MR     ++...                    (no amulet)
Stlth  +++++++++.               K - +4 ring of slaying
                                j - +4 ring of intelligence

@: regenerating slowly, wreathed by umbra, very resistant to hostile
enchantments, incredibly stealthy
A: fangs 3, icy blue scales 1, see invisible, unbreathing, MP-powered wands
a: Bat Form, Shadow Step, Shadow Form, Renounce Religion


You were on level 10 of the Dungeon.
You worshipped Dithmenos.
Dithmenos was extremely pleased with you.
You were very thirsty.

You visited 2 branches of the dungeon, and saw 11 of its levels.

You collected 536 gold pieces.
You spent 193 gold pieces at shops.

Inventory:

Hand Weapons
 a - a +1 dagger of protection
 C - a +1 vampiric dagger (weapon)
Armour
 k - a +0 pair of gloves (worn)
 m - a +0 buckler
 q - a +0 helmet (worn)
 x - a +0 pair of boots (worn)
 F - the +1 cloak of Divine Intervention (worn) {Str+2}
   (You found it on level 7 of the Dungeon)

   It affects your strength (+2).
 J - a +2 robe of magic resistance (worn)
Jewellery
 j - a +4 ring of intelligence (left hand)
 K - a +4 ring of slaying (right hand)
Wands
 b - a wand of iceblast (8/15)
 f - a wand of lightning (5/15)
 v - a wand of slowing (48/48)
Scrolls
 e - 2 scrolls of enchant armour
 g - a scroll of summoning
 o - a scroll of teleportation
 D - 4 scrolls of remove curse
Potions
 d - 32 potions of blood
 h - 2 potions of might
 i - a potion of haste
 n - 4 potions of curing
 B - a potion of beneficial mutation {unknown}
 E - 2 potions of agility {unknown}
 G - a potion of berserk rage {unknown}
Books
 c - a book of Maledictions

   Spells                             Type                      Level
   a - Corona                         Hexes                        1
   b - Ensorcelled Hibernation        Hexes/Ice                    2
   c - Confuse                        Hexes                        3
   d - Tukima's Dance                 Hexes                        3
   e - Dazzling Spray                 Conjuration/Hexes            3
 A - a book of Enchantments

   Spells                             Type                      Level
   a - Cause Fear                     Hexes                        4
   b - Yara's Violent Unravelling     Hexes/Transmutation          5
   c - Silence                        Hexes/Air                    5
   d - Deflect Missiles               Charms/Air                   6
   e - Haste                          Charms                       6
   f - Discord                        Hexes                        8


   Skills:
 + Level 9.2 Short Blades
 - Level 2.1 Dodging
 + Level 13.5 Stealth
 * Level 8.4 Spellcasting
 - Level 10.0 Hexes
 * Level 9.3 Charms
 - Level 2.2 Ice Magic


You had 14 spell levels left.
You knew the following spells:

 Your Spells              Type           Power        Failure   Level  Hunger
a - Corona                Hex            ######.      1%          1    None
b - Ensorcelled Hibernat  Hex/Ice        #####.       1%          2    None
c - Confuse               Hex            ######..     1%          3    None
d - Haste                 Chrm           ######..     24%         6    ######.


Dungeon Overview and Level Annotations

Branches:
Dungeon (10/15)            Temple (0/1) D:5            Lair (1/8) D:9
    Orc: D:9-12

Altars:
Dithmenos
Okawaru
Trog

Shops:
D:4 *   D:5 !

Annotations:
D:10 Snorg


Innate Abilities, Weirdness & Mutations

You heal slowly.
You have razor-sharp teeth.
You have supernaturally acute eyesight.
You can survive without breathing.
You are partially covered in icy blue scales (AC +1).
You expend magic power (3 MP) to strengthen your wands.


Message History

Snorg barely misses you.
Casting: Ensorcelled Hibernation
Confirm with . or Enter, or press ? or * to list all spells.
Aiming: Ensorcelled Hibernation
Press: ? - help, Shift-Dir - straight line, f/p - Snorg
Aim: Snorg (umbra, chance to defeat MR: 32%) Snorg easily resists.
Snorg closely misses you. Snorg claws you! Snorg barely misses you.
Snorg goes berserk!
There is a stone staircase leading up here.
Snorg barely misses you. Snorg claws you but does no damage. Snorg claws you!!
Snorg bites you!!
* * * LOW HITPOINT WARNING * * *
Snorg closely misses you. Snorg claws you.
* * * LOW HITPOINT WARNING * * *
There is a stone staircase leading up here.
The orc warrior hits you with a scimitar!
* * * LOW HITPOINT WARNING * * *
Snorg bites you but does no damage. Snorg claws you!
You die...

#.....# ###+### .# ##
##+### .# .# #....#
#######.#### (# #....#
#....:.....# .# #....#
#..........#.+ .+ #....#
#####o...........# .#
#....###...@To........##
.#
#....'...###o.........#
## +....#####
#..........# #....#
#######.#### ###'## .#
#.# ## ####.# ## #....#
.####'#######


You could see Snorg (berserk), an orc warrior, an orc priest and an orc.

Vanquished Creatures
  2 hill giants (D:10)
  Pikel (D:8)
  A griffon (Lair:1)
  A deep elf mage (D:8)
  A spiny frog (Lair:1)
  A troll (D:9)
  3 two-headed ogres
  A spriggan (D:7)
  A basilisk (Lair:1)
  14 yaks (Lair:1)
  A wyvern (D:6)
  A hungry ghost (D:8)
  A hippogriff (D:8)
  Edmund (D:4)
  A water moccasin (Lair:1)
  6 sky beasts
  An orc warrior (D:8)
  2 ice beasts
  2 slaves (D:8)
  2 phantoms (D:5)
  3 black bears
  7 ogres
  2 necrophages
  3 centaurs
  2 crocodiles (Lair:1)
  A big kobold (D:9)
  8 giant frogs
  A scorpion (D:6)
  A wyvern skeleton (D:8)
  8 killer bees
  8 wights
  4 crimson imps
  2 centaur zombies
  A quasit (D:9)
  2 giant frog zombies (D:6)
  2 jellies
  2 orc priests (D:5)
  8 hounds
  A centaur skeleton (D:9)
  2 orc wizards
  A gnoll shaman (D:6)
  6 iguanas
  Natasha (twice) (D:2)
  6 hell rats
  6 worker ants
  2 hound zombies
  A hound skeleton (D:6)
  A worker ant zombie (D:5)
  Robin (D:3)
  11 adders
  10 gnolls
  A river rat (Lair:1)
  2 shadow imps
  An ooze (D:3)
  An adder zombie (D:5)
  5 adder skeletons
  3 worms
  5 giant geckos
  22 orcs
  2 ball pythons
  6 giant cockroaches
  14 goblins
  7 hobgoblins
  6 jackals
  15 kobolds
  A quokka (D:7)
  6 bats
  5 giant newts
  17 rats
278 creatures vanquished.

Vanquished Creatures (collateral kills)
  A rat (Lair:1)
1 creature vanquished.

Vanquished Creatures (others)
  A plant (Lair:1)
1 creature vanquished.

Grand Total: 280 creatures vanquished

Notes
Turn   | Place    | Note
--------------------------------------------------------------
     0 | D:1      | Minkie the Vampire Enchanter began the quest for the Orb.
     0 | D:1      | Reached XP level 1. HP: 13/13 MP: 3/3
     6 | D:1      | Noticed a worker ant
     6 | D:1      | Noticed a wolf
     6 | D:1      | Noticed a black bear
     6 | D:1      | Noticed a five-headed hydra
   447 | D:1      | Reached XP level 2. HP: 19/19 MP: 5/5
   451 | D:1      | Learned a level 2 spell: Ensorcelled Hibernation
  1023 | D:2      | Reached skill level 5 in Stealth
  1273 | D:2      | Reached skill level 5 in Hexes
  1273 | D:2      | Reached XP level 3. HP: 24/24 MP: 6/6
  1307 | D:2      | Found an iron altar of Okawaru.
  1307 | D:2      | Found a shadowy altar of Dithmenos.
  1423 | D:2      | Reached XP level 4. HP: 30/30 MP: 7/7
  1428 | D:2      | Learned a level 3 spell: Confuse
  1488 | D:2      | Noticed Natasha
  1507 | D:2      | Reached skill level 6 in Stealth
  1557 | D:2      | Killed Natasha
  1607 | D:2      | Became a worshipper of Dithmenos the Shadowed
  1677 | D:2      | Noticed Natasha
  1689 | D:2      | Killed Natasha
  1689 | D:2      | Reached XP level 5. HP: 35/35 MP: 5/8
  1890 | D:3      | Noticed Robin
  2296 | D:3      | Killed Robin
  2919 | D:4      | Reached * piety under Dithmenos
  3007 | D:4      | Found Tiatus's Assorted Antiques.
  3019 | D:4      | Bought a fabulously ornate robe for 148 gold pieces
  3029 | D:4      | Identified the +2 robe "Koerees" {-Tele rN++} (You bought it in a shop on level 4 of the Dungeon)
  3281 | D:4      | Noticed Edmund
  3284 | D:4      | Killed Edmund
  3284 | D:4      | Reached skill level 7 in Stealth
  3284 | D:4      | Reached XP level 6. HP: 41/41 MP: 9/9
  3853 | D:5      | Entered Level 5 of the Dungeon
  3887 | D:5      | Found a shadowy altar of Dithmenos.
  3890 | D:5      | Reached skill level 8 in Stealth
  3985 | D:5      | Found a staircase to the Ecumenical Temple.
  3993 | D:5      | Reached XP level 7. HP: 46/46 MP: 10/10
  4070 | D:5      | Found Tizic's Distillery.
  4167 | D:5      | Reached skill level 5 in Short Blades
  4230 | D:5      | Reached skill level 9 in Stealth
  4366 | D:5      | Reached ** piety under Dithmenos
  4388 | D:5      | Reached XP level 8. HP: 49/52 MP: 1/11
  4835 | D:5      | Bought a potion of mutation for 32 gold pieces
  4835 | D:5      | Bought a potion of degeneration for 13 gold pieces
  4837 | D:5      | Gained mutation: You are partially covered in icy blue scales (AC +1). [potion of mutation]
  4837 | D:5      | Gained mutation: You expend magic power (3 MP) to strengthen your wands. [potion of mutation]
  5020 | D:6      | Reached skill level 10 in Stealth
  5155 | D:6      | Reached skill level 1 in Ice Magic
  5467 | D:6      | Learned a level 6 spell: Haste
  5480 | D:6      | Reached skill level 10 in Hexes
  5698 | D:6      | Reached skill level 1 in Charms
  6143 | D:7      | Reached XP level 9. HP: 55/57 MP: 7/14
  6565 | D:7      | Got a polished cloak
  6571 | D:7      | Identified the +1 cloak of Divine Intervention {Str+2} (You found it on level 7 of the Dungeon)
  6745 | D:7      | Reached skill level 11 in Stealth
  6762 | D:7      | Reached *** piety under Dithmenos
  7082 | D:8      | Reached skill level 5 in Spellcasting
  7234 | D:8      | Noticed Pikel
  7255 | D:8      | Killed Pikel
  7255 | D:8      | Reached skill level 5 in Charms
  7427 | D:8      | Noticed a deep elf mage
  7432 | D:8      | Killed a deep elf mage
  7432 | D:8      | Reached XP level 10. HP: 63/63 MP: 18/18
  7915 | D:8      | Reached skill level 12 in Stealth
  7929 | D:9      | Found a bloodstained altar of Trog.
  7929 | D:9      | Found a staircase to the Lair.
  8008 | Lair:1   | Entered Level 1 of the Lair of Beasts
  8087 | Lair:1   | Reached **** piety under Dithmenos
  8327 | Lair:1   | Noticed a spiny frog
  8428 | Lair:1   | Noticed a griffon
  8455 | Lair:1   | HP: 1/63 [hell rat (6)]
  8968 | D:9      | Reached XP level 11. HP: 62/68 MP: 6/22
  9240 | D:9      | Reached skill level 13 in Stealth
  9820 | Lair:1   | Killed a griffon
 10005 | Lair:1   | Reached ***** piety under Dithmenos
 10209 | D:10     | Entered Level 10 of the Dungeon
 10234 | D:10     | Noticed a hill giant
 10239 | D:10     | Killed a hill giant
 10336 | D:10     | Noticed a hill giant
 10343 | D:10     | Killed a hill giant
 10429 | D:10     | Noticed Snorg
 10445 | D:10     | Slain by Snorg

Vault maps used:
D:1:      onia_arrival_zoo_common
D:2:      amethyst_overflow_temple_binary, first_bread, uniq_natasha
D:3:      uniq_robin
D:4:      serial_shops, shop, minmay_misc_feat_columns, uniq_edmund
D:5:      minmay_temple_entry_statues_pillars, serial_shops,
          nicolae_shop_competitors_out_of_business, grunt_dithmenos_shadows
D:7:      the_bakery
D:8:      minmay_opposing_rooms, uniq_pikel
D:9:      lair_0_dummy, basic_altar
D:10:     uniq_joseph, uniq_snorg
Lair:1:   kennysheep_abandoned_house

Action                   |  1- 3 |  4- 6 |  7- 9 | 10-12 || total
-------------------------+-------+-------+-------+-------++-------
Melee: Dagger            |    66 |   146 |   315 |   196 ||   723
 Cast: Ensorcelled Hiber |     5 |    18 |    41 |    74 ||   138
       Confuse           |       |       |    12 |    16 ||    28
       Corona            |       |       |     1 |       ||     1
  Use: Potion            |       |       |     1 |     1 ||     2
       Scroll            |       |       |       |    20 ||    20
 Stab: Sleeping          |    19 |    28 |    60 |    71 ||   178
       Distracted        |     1 |     5 |       |     1 ||     7
       Confused          |       |       |    10 |     6 ||    16
  Eat: Corpse            |     1 |       |       |       ||     1
